Map: Orbital Shipyard

Players

PhantomDark

  • Race: Zerg Zerg
  • League: Diamond

LilDicky - Winner!

  • Race: Terran Terran
  • League: Diamond

VOD

http://www.twitch.tv/tumescentpie

Description

Time

  • Played on: Dec. 4, 2015, 12:08 p.m.
  • Length: 14:15
Show
View Real Time Build Order
Export as new Build Order

PhantomDark Zerg 

Build Orders: Hatch First 

Get SALT Encoding   

  12  0:01  Drone  
  13  0:08  Drone  
  14  0:17  Overlord  
  14  0:43  Drone x3  
  17  0:54  Drone  
  18  1:03  Hatchery  
  17  1:11  Spawning Pool  
  16  1:13  Drone  
  17  1:29  Overlord  
  17  1:30  Drone  
  18  1:37  Drone  
  19  1:48  Drone  
  20  1:54  Extractor  
  19  2:03  Drone  
  20  2:08  Queen  
  20  2:13  Zergling x2  
  20  2:14  Queen  
  25  2:22  Zergling x2  
  26  2:23  Drone  
  26  2:29  Overlord  
  27  2:36  Drone  
  28  2:38  Overlord  
  28  2:44  Drone, Queen  
  29  2:47  Drone  
  29  2:50  Queen  
  34  2:52  Drone  
  35  3:00  Drone  
  35  3:02  Drone  
  37  3:11  Drone  
  38  3:14  Drone  
  38  3:17  Drone  
  40  3:20  Hatchery, Drone  
  40  3:24  Overlord  
  40  3:34  Drone x3  
  40  3:35  Drone  
  40  3:37  Extractor  
  43  3:44  Drone x3  
  46  3:50  Drone  
  46  3:51  Drone x3  
  46  3:53  Drone  
  51  3:56  Lair  
  51  4:20  Extractor  
  51  4:21  Extractor  
  51  4:22  Metabolic Boost, Drone x2  
  51  4:23  Roach Warren, Overlord  
  50  4:26  Overlord  
  50  4:27  Overlord  
  50  4:35  Queen  
  52  4:39  Drone x3  
  55  4:48  Drone x7  
  62  4:59  Overlord, Spire  
  61  5:16  Roach x4  
  61  5:17  Roach x2  
  73  5:24  Overlord  
  73  5:26  Glial Reconstitution  
  73  5:29  Roach x3  
  79  5:43  Overlord, Roach  
  79  5:44  Roach x4  
  79  5:47  Extractor  
  79  5:48  Extractor  
  79  5:49  Drone  
  88  5:50  Drone x3  
  91  5:58  Queen  
  93  6:05  Infestation Pit  
  92  6:16  Ravager x5  
  92  6:17  Ravager  
  96  6:52  Mutalisk x2  
  100  6:54  Overlord x2  
  100  7:12  Overlord x2  
  100  7:19  Mutalisk x2  
  100  7:20  Overlord  
  100  7:21  Overlord  
  104  7:31  Drone x9  
  104  7:32  Drone x3  
  104  7:33  Pathogen Glands  
  116  7:42  Pneumatized Carapace  
  116  7:53  Overlord x2  
  116  7:54  Mutalisk  
  116  7:55  Mutalisk  
  120  8:02  Evolution Chamber  
  120  8:04  Evolution Chamber  
  118  8:15  Hatchery  
  117  8:32  Infestor  
  117  8:33  Infestor x3  
  125  8:34  Overlord  
  125  8:36  Zerg Missile Weapons Level 1  
  125  8:50  Infestor  
  127  9:00  Zerg Ground Armor Level 1  
  127  9:15  Hive  
  127  9:16  Infestor  
  129  9:18  Overlord x2  
  129  9:20  Drone x8  
  135  9:53  Queen  
  137  10:05  Overlord x2  
  137  10:06  Roach, Extractor  
  137  10:07  Roach x13  
  162  10:45  Roach x6  
  162  10:46  Roach x12  
  196  11:03  Ravager x3  
  196  11:04  Ravager x8  
  199  11:08  Zerg Missile Weapons Level 2  
  199  11:44  Zerg Ground Armor Level 2  
  196  11:59  Roach  
  198  12:02  Greater Spire  
  198  12:06  Infestation Pit  
  198  12:08  Overseer x3  
  197  12:47  Hatchery  
  190  13:27  Roach x4  
  178  13:29  Overlord x2  
Show
View Real Time Build Order
Export as new Build Order

LilDicky Terran - Winner!

Build Orders: Command Center First (CC), Mech 

Get SALT Encoding   

  12  0:02  SCV  
  13  0:14  SCV  
  14  0:23  Supply Depot  
  14  0:26  SCV  
  15  0:45  SCV  
  16  1:00  Command Center  
  16  1:02  SCV  
  17  1:13  Barracks  
  17  1:15  SCV  
  18  1:27  SCV  
  18  1:30  Refinery  
  19  1:39  SCV  
  20  1:51  SCV  
  21  2:02  Marine  
  21  2:04  Supply Depot, Orbital Command  
  22  2:13  Orbital Command  
  22  2:19  Refinery  
  22  2:23  Marine  
  23  2:36  Factory  
  23  2:41  SCV  
  23  2:42  SCV  
  26  2:55  SCV  
  26  2:57  SCV  
  27  2:59  Barracks Tech Lab  
  27  3:03  Command Center  
  27  3:08  SCV  
  27  3:09  SCV  
  29  3:20  SCV  
  29  3:21  SCV  
  29  3:27  Siege Tank  
  34  3:28  Refinery  
  34  3:29  Refinery  
  34  3:35  Starport  
  34  3:37  Barracks Reactor  
  34  3:39  SCV  
  34  3:40  SCV  
  36  3:51  SCV  
  36  3:52  SCV  
  38  3:59  Siege Tank  
  41  4:04  SCV x2, Liberator  
  41  4:08  Liberator  
  43  4:16  SCV x2  
  45  4:18  Orbital Command  
  48  4:28  SCV x2  
  48  4:29  Marine  
  54  4:37  Siege Tank  
  57  4:40  SCV x2  
  59  4:45  SCV  
  59  4:48  Orbital Command  
  59  4:49  Supply Depot  
  59  4:50  Supply Depot  
  59  4:51  Marine  
  61  5:01  Command Center  
  61  5:02  Liberator x2  
  61  5:09  Siege Tank  
  64  5:18  SCV  
  71  5:26  Marine  
  72  5:29  SCV x2  
  72  5:35  SCV  
  75  5:37  Engineering Bay  
  75  5:41  SCV x2, Refinery  
  77  5:47  SCV, Factory, Refinery  
  77  5:48  Factory  
  78  5:53  SCV x2  
  78  5:54  Siege Tank  
  83  6:00  SCV, Marine  
  85  6:05  Missile Turret  
  85  6:09  Missile Turret  
  85  6:34  Liberator x2  
  82  6:52  Orbital Command  
  88  6:55  Command Center  
  88  6:56  Factory Reactor x2  
  88  7:02  Siege Tank  
  88  7:04  SCV x2  
  93  7:14  SCV  
  94  7:15  Command Center  
  94  7:16  SCV  
  94  7:17  SCV  
  94  7:18  Command Center  
  94  7:20  SCV  
  97  7:26  SCV  
  97  7:29  SCV x2, Supply Depot x2  
  100  7:30  Supply Depot  
  100  7:32  Missile Turret  
  100  7:33  Missile Turret, Liberator x2  
  100  7:35  Missile Turret  
  100  7:50  Supply Depot  
  100  7:51  SCV x2, Hellion  
  110  7:52  Supply Depot  
  110  7:54  Missile Turret  
  110  7:56  Hellion x2  
  110  7:57  Hellion x2  
  118  8:00  Armory  
  118  8:01  Armory x2  
  118  8:05  Missile Turret  
  118  8:10  Missile Turret  
  118  8:12  Hellion  
  120  8:18  Hellion x2  
  124  8:33  Liberator  
  124  8:34  Liberator  
  124  8:35  Planetary Fortress  
  124  8:47  Missile Turret  
  124  8:49  Hellion x3, Siege Tank  
  124  8:51  Missile Turret  
  124  8:52  Missile Turret x2  
  124  8:54  Missile Turret  
  139  8:56  Factory x2, Missile Turret  
  139  8:58  Starport  
  139  8:59  Missile Turret  
  139  9:03  SCV x2  
  141  9:18  Liberator  
  141  9:19  Liberator  
  141  9:20  Planetary Fortress  
  141  9:26  Command Center  
  139  9:33  Thor, Widow Mine x2  
  151  9:43  Missile Turret  
  151  9:45  Missile Turret  
  151  9:49  SCV, Missile Turret  
  152  9:57  Planetary Fortress  
  152  9:58  Missile Turret  
  152  10:02  Refinery  
  152  10:03  Refinery  
  152  10:06  Liberator x2  
  152  10:08  SCV x2  
  152  10:13  Refinery  
  154  10:18  Missile Turret  
  154  10:19  Missile Turret x2  
  154  10:21  Missile Turret  
  154  10:23  Refinery  
  154  10:26  Missile Turret  
  154  10:27  Starport Tech Lab  
  160  10:29  Factory Tech Lab x2  
  160  10:32  Terran Vehicle And Ship Armor Level 1, Terran Ship Weapons Level 1, Terran Vehicle Weapons Level 1  
  160  10:33  SCV  
  161  10:40  Thor  
  167  10:46  Planetary Fortress, Fusion Core  
  167  10:53  Missile Turret x3  
  167  11:01  Banshee  
  167  11:06  Missile Turret x2  
  167  11:09  Thor x2, Hellion x4  
  187  11:49  Battlecruiser  
  187  11:51  Thor  
  199  12:10  Command Center  
  199  12:23  Command Center  
  199  12:25  Starport  
  199  12:26  Starport  
  199  12:29  Hi-Sec Auto Tracking, Starport  
  196  12:46  Behemoth Reactor  
Tags
 
Add a new tag
Caveats
  • Supply blocks, unpowered buildings, or Contaminate may cause inaccurate times.
  • Supply counts are checked every 10 seconds.